 Dungeon Crawl Stone Soup version bcrawl-1.21.3-16-g7f46a08de7 (webtiles) character file.

Game seed: 5274126887435090746

236 Anathary the Magician (level 5, -10/39 HPs)
             Began as a Djinni Fire Elementalist on May 3, 2020.
             Was an Initiate of Vehumet.
             Shot with an arrow by a centaur (13 damage)
             ... on level 4 of the Dungeon.
             The game lasted 00:09:44 (2976 turns).

Anathary the Magician (Djinni Fire Elementalist)    Turns: 2976, Time: 00:09:44

Health: -10/39     AC:  2    Str: 11    XL:     5   Next: 77%
Magic:  1/12       EV: 12    Int: 18    God:    Vehumet [......]
Gold:   152        SH:  0    Dex: 11    Spells: 13/14 levels left

rFire    . . .     SeeInvis .   p - -3 quarterstaff (curse)
rCold    . . .     Gourm    .   (shield currently unavailable)
rNeg     . . .     Faith    .   a - +0 robe
rPois    .         Spirit   .   (no helmet)
rElec    .         Reflect  .   (no cloak)
rCorr    .         Harm     .   (no gloves)
MR       .....     Rnd*Rage +   (boots unavailable)
Stlth    +.........             (no amulet)
HPRegen  0.13/turn              b - ring of attention (curse)
MPRegen  0.13/turn              (no ring)

@: flying
A: never pass out, berserk 2, blink, blurry vision 2, wild magic 2, MP-powered
wands, floating
a: Blink, Renounce Religion


You were on level 4 of the Dungeon.
You worshipped Vehumet.
Vehumet was noncommittal.
You were not hungry.

You visited 1 branch of the dungeon, and saw 4 of its levels.

You collected 152 gold pieces.

Inventory:

Hand Weapons
 p - a cursed -3 quarterstaff (weapon)
Missiles
 c - 515 stones (quivered)
Armour
 a - a +0 robe (worn)
Jewellery
 b - a cursed ring of attention (left hand)
 o - an uncursed amulet of rage
Scrolls
 q - a scroll of remove curse {unknown}
 r - a scroll of fear {unknown}
Potions
 d - a potion of berserk rage
 f - a potion of degeneration {unknown}
 g - a potion of brilliance {unknown}
 h - a potion of mutation {unknown}
 i - a potion of might {unknown}
 j - a potion of agility {unknown}
 k - 2 potions of flight {unknown}
 l - 2 potions of heal wounds {unknown}
 m - a potion of haste {unknown}
 n - a potion of resistance {unknown}
Comestibles
 e - 3 rations {!d}


   Skills:
 + Level 0.8 Fighting
 + Level 0.5 Staves
 + Level 2.6 Dodging
 - Level 1.5 Stealth
 + Level 0.6 Unarmed Combat
 + Level 5.2 Spellcasting
 + Level 2.6 Conjurations
 + Level 5.2 Fire Magic


You had 13 spell levels left.
You knew the following spells:

 Your Spells              Type           Power        Failure   Level  Hunger
a - Flame Tongue          Conj/Fire      ####.        8%          1    None

Your spell library contained the following spells:

 Spells                   Type           Power        Failure   Level  Hunger
 Flaming Arrows           Chrm/Fire      ###.....     16%         2    #......
 Conjure Flame            Conj/Fire      ####....     17%         3    ##.....
 Inner Flame              Hex/Fire       N/A          26%         3    ##.....
 Sticky Flame             Conj/Fire      ####....     43%         4    ####...
 Fireball                 Conj/Fire      ####......   73%         5    ######.


Dungeon Overview and Level Annotations

Branches:
Dungeon (4/12)
 Temple: D:4-7

Altars:
Dithmenos
Vehumet


Innate Abilities, Weirdness & Mutations

You never pass out after going berserk.
You often lose your temper in combat.
You can translocate small distances at will.
Scrolls take you longer to read.
Your spells are harder to cast, but more powerful.
You expend magic power (3 MP) to strengthen your wands.
Your body floats in the air.


Message History

Casting: Flame Tongue (safe; 8% risk of failure)
Confirm with . or Enter, or press ? or * to list all spells.
Aiming: Flame Tongue (safe; 8% risk of failure)
Press: ? - help, Shift-Dir - straight line, f - hound skeleton
Aim: a hound skeleton (almost destroyed)
The flame tongue hits the hound skeleton!
You destroy the hound skeleton!
Vehumet accepts your kill.
A quokka comes into view.
Casting: Flame Tongue (safe; 8% risk of failure)
Confirm with . or Enter, or press ? or * to list all spells.
Aiming: Flame Tongue (safe; 8% risk of failure)
Press: ? - help, Shift-Dir - straight line, f - orc
Aim: an orc The flame tongue hits the orc!
You kill the orc!
Vehumet accepts your kill.
The centaur wields a +0 shortbow.
The centaur shoots an arrow.
The arrow hits you!
You die...

###### ....
####.#####..
#.@)........
#.###.###...
#† .# .. ..
##c ..# #.
#.# .. .. .r
..


You could see a centaur and a quokka.

Vanquished Creatures
  An ogre (D:4)
  Jessica (D:2)
  A hound skeleton (D:4)
  6 adders (D:3)
  A worm (D:2)
  2 dart slugs
  A leopard gecko (D:1)
  3 orcs
  3 goblins
  3 hobgoblins
  4 jackals (D:3)
  8 kobolds
  3 quokkas (D:2)
  3 bats
  2 frilled lizards
  2 rats (D:2)
44 creatures vanquished.

Notes
Turn   | Place    | Note
-------+----------+-------------------------------------------
     0 | D:1      | Anathary the Djinni Fire Elementalist began the quest for
                  | the Orb.
     0 | D:1      | Reached XP level 1. HP: 14/14 MP: 4/4
   299 | D:1      | Reached XP level 2. HP: 20/20 MP: 1/6
   637 | D:2      | Noticed Jessica
   644 | D:2      | Killed Jessica
   644 | D:2      | Reached XP level 3. HP: 19/26 MP: 1/8
   736 | D:2      | Found a shadowy altar of Dithmenos.
   741 | D:2      | Found a radiant altar of Vehumet.
   750 | D:2      | Became a worshipper of Vehumet
  2014 | D:3      | Gained mutation: Your spells are harder to cast, but more
                  | powerful. [Djinni growth]
  2014 | D:3      | Gained mutation: You can translocate small distances at
                  | will. [Djinni growth]
  2014 | D:3      | Reached XP level 4. HP: 28/33 MP: 6/10
  2962 | D:4      | Noticed an ogre
  2973 | D:4      | Noticed a centaur
  2974 | D:4      | Killed an ogre
  2974 | D:4      | Reached skill level 5 in Spellcasting
  2974 | D:4      | Reached skill level 5 in Fire Magic
  2974 | D:4      | Reached XP level 5. HP: 3/39 MP: 2/12
  2976 | D:4      | Shot with an arrow by a centaur

Skill      XL: |  1  2  3  4 |
---------------+-------------+-----
Fire Magic     | 4 5 |  5.2
Spellcasting   | 4 5 |  5.2
Conjurations   | 2 |  2.6
Fighting       | |  0.8
Staves         | |  0.5
Dodging        | |  2.6
Stealth        | |  1.5
Unarmed Combat | |  0.6

Action                   |  1- 3 |  4- 6 || total
-------------------------+-------+-------++-------
Melee: Unarmed           |    26 |       ||    26
       Quarterstaff      |       |     9 ||     9
 Cast: Flame Tongue      |    54 |    31 ||    85
  Use: Scroll            |     2 |     1 ||     3
  Eat: Ration            |     1 |     1 ||     2
       Chunk             |       |     1 ||     1
Armor: Robe              |     8 |     2 ||    10
Dodge: Dodged            |    37 |    10 ||    47
